 Dungeon Crawl Stone Soup version 0.27.1 (webtiles) character file.

Game seed: 17800270535794984476

2920 mys the Basher (level 9, -1/88 HPs)
             Began as a Troll Monk on Aug 25, 2021.
             Was a Priest of Okawaru.
             Slain by an unseen horror (7 damage)
             ... on level 6 of the Dungeon.
             The game lasted 00:20:31 (6872 turns).

mys the Basher (Troll Monk)                         Turns: 6872, Time: 00:20:31

Health: -1/88      AC:  4    Str: 22    XL:     9   Next: 50%
Magic:  9/9        EV: 11    Int:  6    God:    Okawaru [***...]
Gold:   16         SH:  0    Dex: 14    Spells: 8/8 levels left

rFire    + . .     SeeInvis .   a - +2 mace (protect)
rCold    + . .     Faith    .   (no shield)
rNeg     . . .     Spirit   .   b - +0 robe
rPois    .         Reflect  .   (helmet restricted)
rElec    .         Harm     .   c - scarf {rC+ rF+}
rCorr    .         Rampage  .   (gloves unavailable)
Will     .....                  (boots unavailable)
Stlth    ++........             (no amulet)
HPRegen  1.24/turn              (no ring)
MPRegen  0.11/turn              (no ring)

@: no status effects
A: large, unfitting armour, claws 3, regeneration 1, shaggy fur 1, tough skin 1
a: Renounce Religion, Heroism


You were on level 6 of the Dungeon.
You worshipped Okawaru.
Okawaru was most pleased with you.
You visited 2 branches of the dungeon, and saw 8 of its levels.
You also visited: Sewer.

You collected 341 gold pieces.
You spent 325 gold pieces at shops.

Inventory:

Hand Weapons
 a - a +2 mace of protection (weapon)
 y - a +0 giant spiked club
Missiles
 i - 82 bolts
 m - 24 poisoned darts (quivered)
 v - 146 arrows
 D - 2 boomerangs
Armour
 b - a +0 robe (worn)
 c - a scarf of resistance (worn)
 w - a +0 cloak
Jewellery
 A - a ring of fire
Wands
 t - a wand of polymorph (5)
 z - a wand of iceblast (2)
Scrolls
 d - 2 scrolls of immolation
 f - 2 scrolls of amnesia
 h - 4 scrolls of enchant weapon
 j - 2 scrolls of summoning
 k - a scroll of silence
 n - a scroll of enchant armour
 q - 2 scrolls of fear
 s - 4 scrolls of teleportation
 u - a scroll of fog
 x - a scroll of holy word {unknown}
 B - 2 scrolls of blinking
 C - a scroll of brand weapon {unknown}
Potions
 e - 7 potions of flight
 g - a potion of cancellation
 l - 3 potions of lignification
 o - 2 potions of resistance
 p - 2 potions of attraction
 r - a potion of might


   Skills:
 + Level 5.0 Fighting
 + Level 8.3 Maces & Flails
 * Level 2.9 Throwing
 * Level 1.9 Armour
 + Level 5.0 Dodging
 + Level 2.2 Stealth
 * Level 2.2 Invocations
 + Level 1.7 Evocations


You had 8 spell levels left.
You didn't know any spells.
Your spell library contained the following spells:

 Spells                   Type           Power      Damage    Failure   Level
 Freeze                   Ice            0%         1d3       45%         1
 Slow                     Hex            0%         N/A       58%         2
 Static Discharge         Conj/Air       0%         N/A       58%         2
 Confusing Touch          Hex            0%         N/A       83%         3
 Frozen Ramparts          Ice            0%         1d2       83%         3
 Vampiric Draining        Necr           0%         2d6       83%         3
 Hailstorm                Conj/Ice       0%         3d3       99%         4
 Lightning Bolt           Conj/Air       0%         1d11      100%        5
 Maxwell's Capacitive Co  Air            0%         ∞         100%        8


Dungeon Overview and Level Annotations

Branches:
Dungeon (7/15)             Temple (1/1) D:5           Sewer (visited)

Altars:
Ashenzari
Cheibriados
Dithmenos
Elyvilon
Fedhas
Gozag
Hepliaklqana
Kikubaaqudgha
Makhleb
Okawaru
Qazlal
Ru
Sif Muna
Trog
Uskayaw
Vehumet
Wu Jian
Xom
Yredelemnul
Zin
The Shining One
Beogh

Shops:
D:5 ?


Innate Abilities, Weirdness & Mutations

You are too large for most types of armour.
You have claws for hands.
Your natural rate of healing is unusually fast.
You are covered in fur. (AC +1)
You have tough skin. (AC +1)


Message History

Your orc closely misses something.
Something closely misses your orc wizard.
Something hits your orc wizard!
Your orc wizard dies!
Your orc wizard's corpse dissolves into shadows!
Something hits your orc. Something hits your necrophage.
Something hits your necrophage. Something hits your necrophage.
Something closely misses your necrophage. x2
Something hits your necrophage! x2
Your necrophage is destroyed!
Your necrophage's corpse dissolves into shadows!
Something hits you. Something hits you! Something hits you!
* * * LOW HITPOINT WARNING * * *
Something hits you.
* * * LOW HITPOINT WARNING * * *
Something hits you but does no damage. Something hits you!
* * * LOW HITPOINT WARNING * * *
As you read the scroll of teleportation, it crumbles to dust.
You feel strangely unstable. Something hits you.
* * * LOW HITPOINT WARNING * * *
Your orc dissolves into shadows!
Something hits you but does no damage. Something hits you.
* * * LOW HITPOINT WARNING * * *
Something completely misses you. Something hits you but does no damage.
Your surroundings seem slightly different.
Something hits you.
* * * LOW HITPOINT WARNING * * *
Something hits you but does no damage. Something hits you.
* * * LOW HITPOINT WARNING * * *
Something hits you.
* * * LOW HITPOINT WARNING * * *
Something hits you!
You die...

8P.'..# #......#.# ########
..≈#..# ########.# #.....
P.≈#..##### #.# #.####
.≈##......##### #.######.#
≈##.###.......# #.##.....####
##.## #...###.## ##.##........#
..## ##.###...## ##..<#..##.##.#
### #.##.###.###.......##.##.# #
#....# #.@.......).##..... #
####.###.#####.##.###.##.. #
##...## #.##.# #.##.# # ##.##
#.##.###..... # #.#
##'##.....##.# # #.#
##...#####.##.. # ###.# ##.....##
#.##.. # ##.#.# ##.......###.....
##########....###.........##.....


There were no monsters in sight!

Vanquished Creatures
  A slime creature (D:7)
  A wraith (D:7)
  A water moccasin (D:7)
  An ice beast (D:7)
  A sky beast (D:7)
  3 black bears
  3 ogres
  2 necrophages
  A centaur (D:5)
  A phantom (D:4)
  A bullfrog (D:6)
  5 killer bees (D:7)
  3 wights (D:7)
  A bullfrog zombie (D:5)
  An orc priest (D:5)
  4 hounds
  A gnoll shaman (D:4)
  3 iguanas (D:6)
  5 jellies (D:7)
  A bullfrog skeleton (D:6)
  3 orc wizards
  Natasha (thrice) (D:2)
  A merfolk avatar (Sewer)
  A merfolk siren (Sewer)
  A hound skeleton (D:4)
  2 howler monkey zombies
  10 gnolls
  2 adders
  3 river rats (Sewer)
  2 white imps
  2 ufetubi (D:6)
  An adder skeleton (D:4)
  5 worms
  3 dart slugs
  14 orcs
  23 endoplasms
  7 giant cockroaches
  7 goblins
  4 hobgoblins
  3 jackals (D:5)
  6 quokkas
  14 ball pythons
  4 bats
  7 frilled lizards
  7 kobolds
  21 rats
196 creatures vanquished.

Vanquished Creatures (others)
  8 fungi (D:7)
  A plant (D:6)
9 creatures vanquished.

Grand Total: 205 creatures vanquished

Notes
Turn   | Place    | Note
-------+----------+-------------------------------------------
     0 | D:1      | mys the Troll Monk began the quest for the Orb.
     0 | D:1      | Reached XP level 1. HP: 22/22 MP: 0/0
   156 | D:1      | Reached skill level 3 in Maces & Flails
   157 | D:1      | Reached XP level 2. HP: 29/29 MP: 1/1
   176 | D:1      | Found a faded altar of an unknown god.
   568 | D:1      | Reached XP level 3. HP: 36/36 MP: 2/2
   758 | D:2      | Noticed Natasha
   793 | D:2      | Killed Natasha
   999 | D:2      | Reached XP level 4. HP: 43/44 MP: 3/3
  1003 | D:2      | Noticed Natasha
  1018 | D:2      | Killed Natasha
  1062 | D:2      | Noticed Natasha
  1082 | D:2      | Killed Natasha
  1083 | D:2      | Reached skill level 4 in Maces & Flails
  1655 | D:3      | Reached XP level 5. HP: 53/53 MP: 4/4
  1729 | D:3      | Found a glowing drain.
  1768 | Sewer    | Entered a sewer
  2039 | Sewer    | Reached XP level 6. HP: 54/61 MP: 5/5
  2349 | D:3      | Reached skill level 5 in Maces & Flails
  3152 | D:4      | Reached XP level 7. HP: 53/68 MP: 6/6
  3330 | D:4      | Reached skill level 6 in Maces & Flails
  3431 | D:4      | Reached skill level 1 in Evocations
  3633 | D:5      | Entered Level 5 of the Dungeon
  3734 | D:5      | Reached XP level 8. HP: 78/78 MP: 7/7
  3812 | D:5      | Found a staircase to the Ecumenical Temple.
  3838 | D:5      | Reached skill level 1 in Throwing
  3868 | Temple   | Entered the Ecumenical Temple
  3883 | Temple   | Became a worshipper of Warmaster Okawaru
  3883 | Temple   | Reached * piety under Okawaru
  3883 | Temple   | Reached ** piety under Okawaru
  4251 | D:5      | Found Opywk's Magic Scroll Emporium.
  4257 | D:5      | Bought a scroll of teleportation for 30 gold pieces
  4257 | D:5      | Bought a scroll of teleportation for 30 gold pieces
  4257 | D:5      | Bought a scroll of fog for 20 gold pieces
  4257 | D:5      | Bought a scroll of enchant weapon for 75 gold pieces
  4257 | D:5      | Bought a scroll of identify for 20 gold pieces
  4257 | D:5      | Bought 2 scrolls of identify for 40 gold pieces
  4464 | D:6      | Reached skill level 7 in Maces & Flails
  6227 | D:7      | Reached skill level 1 in Armour
  6227 | D:7      | Reached XP level 9. HP: 52/85 MP: 8/8
  6315 | D:7      | Reached skill level 1 in Invocations
  6321 | D:7      | Reached skill level 8 in Maces & Flails
  6470 | D:7      | Reached *** piety under Okawaru
  6471 | D:7      | Reached skill level 5 in Fighting
  6471 | D:7      | Reached skill level 5 in Dodging
  6694 | D:5      | Bought a scroll of enchant armour for 75 gold pieces
  6694 | D:5      | Bought a scroll of fear for 35 gold pieces
  6872 | D:6      | Slain by an unseen horror

Illustrated notes

Levels and vault maps discovered:
D:1:      lemuel_arrival_cross, layout_basic,
          hellmonk_ecumenical_altar_defaced_shrine,
          ebering_dispersal_statue_hall
D:2:      layout_loops_ring, grunt_ministairs_10, uniq_natasha
D:3:      layout_loops_ring, cheibrodos_sewer_entry_bend, nrook_mini_vaults,
          hangedman_decor_opposing, minmay_increasing_density
D:4:      layout_loops_ring
D:5:      layout_rooms, minmay_temple_entry_waves, serial_shops,
          nicolae_diamond_shop
D:6:      layout_loops_corners, hangedman_glass_garden, dk_noncrumbling_4,
          grunt_decor_arrowhead
D:7:      lemuel_slime, layout_loops_corners
Temple:   nicolae_temple_the_god_donut

Skill      XL: |  1  2  3  4  5  6  7  8  9 |
---------------+----------------------------+-----
Maces & Flails | 3 4 5 6 7 8 |  8.3
Fighting       | 3 4 5 |  5.0
Dodging        | 3 4 5 |  5.0
Stealth        | 2 |  2.2
Evocations     | 1 |  1.7
Throwing       | 2 |  2.9
Armour         | 1 |  1.9
Invocations    | 2 |  2.2

Action                   |  1- 3 |  4- 6 |  7- 9 || total
-------------------------+-------+-------+-------++-------
Melee: Mace              |    91 |   211 |   378 ||   680
       Flail             |       |    98 |       ||    98
       Punch             |       |       |     4 ||     4
Throw: Dart              |       |     2 |    27 ||    29
Invok: Heroism           |       |       |     6 ||     6
Evoke: Wand              |       |     3 |    15 ||    18
  Use: Scroll            |       |     5 |    12 ||    17
       Potion            |       |       |     4 ||     4
 Stab: Sleeping          |     2 |     9 |     5 ||    16
Armor: Robe              |    27 |    89 |   187 ||   303
Dodge: Dodged            |    46 |   149 |   201 ||   396
